 Dungeon Crawl Stone Soup version 0.30-a0-1094-g860fb061e7 (webtiles) character file.

Game seed: 5980997099206508979

51 123456 the Digger (level 3, 0/19 HPs)
             Began as a Gargoyle Earth Elementalist on Apr 17, 2023.
             Slain by Terence
             ... wielding a +2 flail of holy wrath
              (3 damage)
             ... on level 2 of the Dungeon.
             The game lasted 00:02:48 (1548 turns).

123456 the Digger (Gargoyle Earth Elementalist)     Turns: 1548, Time: 00:02:49

Health: 0/19       AC: 10    Str: 11    XL:     3   Next: 83%
Magic:  1/7        EV:  8    Int: 17    God:
Gold:   73         SH:  0    Dex: 10    Spells: 1/7 levels left

rFire   . . .      SeeInvis .    k - +2 dagger (flame)
rCold   . . .      Faith    .    (no shield)
rNeg    + . .      Spirit   .    j - +3 leather armour
rPois   ∞          Reflect  .    (no helmet)
rElec   +          Rampage  .    n - +0 cloak
rCorr   .                        (no gloves)
Will    .....                    (no boots)
Stlth   ++                       (no amulet)
HPRegen 0.23/turn                (no ring)
MPRegen 0.10/turn                (no ring)

@: constricted, invisible
A: sickness immunity, AC +3, negative energy resistance 1, electricity
resistance, torment resistance 1, petrification resistance
a: no special abilities


You were on level 2 of the Dungeon.
You visited 1 branch of the dungeon, and saw 2 of its levels.

You collected 73 gold pieces.

Inventory:

Hand Weapons
 k - a +2 dagger of flaming (weapon)
Armour
 a - a +0 robe
 j - a +3 leather armour (worn)
 n - a +0 cloak (worn)
Scrolls
 c - 3 scrolls of enchant weapon {unknown}
 d - a scroll of fear {unknown}
 f - a scroll of fog {unknown}
 g - a scroll of silence {unknown}
 h - a scroll of identify {unknown}
 m - a scroll of poison {unknown}
Potions
 b - a potion of magic
 i - a potion of might {unknown}
 l - a potion of curing {unknown}
 o - a potion of brilliance {unknown}


   Skills:
 + Level 2.0 Dodging
 + Level 2.7 Stealth
 * Level 2.7 Spellcasting
 - Level 0.7 Transmutations
 * Level 4.3 Earth Magic


You had one spell level left.
You knew the following spells:

 Your Spells              Type           Power      Damage    Failure   Level
a - Sandblast             Erth           34%        2d9       4%          1
b - Stone Arrow           Conj/Erth      18%        3d8       28%         3
c - Passwall              Tmut/Erth      8%         N/A       13%         2

Your spell library contained the following spells:

 Spells                   Type           Power      Damage    Failure   Level
 Portal Projectile        Hex/Tloc       4%         N/A       56%         3
 Tukima's Dance           Hex            2%         N/A       56%         3
 Petrify                  Tmut/Erth      10%        N/A       63%         4
 Blade Hands              Tmut           2%         N/A       99%         5


Dungeon Overview and Level Annotations

Branches:
Dungeon (2/15)

Altars:

Annotations:
D:2 Terence


Innate Abilities, Weirdness & Mutations

You are immune to sickness and miasma.
Your stone body is resilient. (AC +3)
You are immune to poison.
You resist negative energy. (rN+)
You are resistant to electric shocks. (rElec)
You are resistant to unholy torment.
You are immune to petrification.


Message History

Found a stone staircase leading down.
Terence shouts!
The ball python hisses angrily.
Terence closely misses you. The ball python misses you.
The ball python grabs you. The ball python constricts you.
You barely miss the ball python.
Terence hits you with a +2 flail of holy wrath!
Ouch! That really hurt!
The ball python bites you but does no damage.
The ball python constricts you.
You are too injured to fight recklessly!
You are too injured to fight recklessly!
You are too injured to fight recklessly!
Casting: Sandblast (safe; 4% risk of failure)
Confirm with . or Enter, or press ? or * to list all spells.
The spell is astonishingly dangerous to miscast (28% risk of failure)!
Continue anyway?
Aiming: Stone Arrow (astonishingly dangerous; 28% risk of failure)
Press: ? - help, Shift-Dir - straight line, f - Terence
Aim: Terence, wielding a +2 flail of holy wrath and wearing a +0 scale mail (69% to hit)
The stone arrow hits Terence!
Terence is severely wounded.
Terence hits you but does no damage. The ball python barely misses you.
The ball python constricts you.
Casting: Stone Arrow (astonishingly dangerous; 28% risk of failure)
Confirm with . or Enter, or press ? or * to list all spells.
The spell is astonishingly dangerous to miscast (28% risk of failure)!
Continue anyway?
Aiming: Stone Arrow (astonishingly dangerous; 28% risk of failure)
Press: ? - help, Shift-Dir - straight line, f/p - Terence
Aim: Terence, wielding a +2 flail of holy wrath and wearing a +0 scale mail (severely wounded, 69% to hit)
The stone arrow hits Terence.
Terence is almost dead.
The ball python bites you but does no damage.
The ball python constricts you.
Terence hits you with a +2 flail of holy wrath.
* * * LOW HITPOINT WARNING * * *
It was a potion of invisibility.
You fade into invisibility!
The ball python bites you but does no damage.
The ball python constricts you.
Terence hits you with a +2 flail of holy wrath.
You die...

######## ###### #######
##......## #>...# #.....#
##........###....# #.....#
#........(.##....###.....#
#..........##.....##.....#
#..........##......#.....#
#..........##@...#.#.....#
#...........#@S..#....<..#
##.(......#..#.#####....#####
##........##......##.#.†....##
#..............##..#.#.####.##
#..........###... ...#.# #...
#............ ...|..........#.
#......................####...
#....................... ####
##.......... ......#. ..


You could see Terence (unable to see you) and a ball python (unable to see you).

Vanquished Creatures
  An adder (D:2)
  3 dart slugs
  3 bats
  3 endoplasms
  3 giant cockroaches (D:1)
  A goblin (D:2)
  3 hobgoblins (D:1)
  7 kobolds
  A quokka (D:2)
  2 ball pythons
  5 frilled lizards
  2 rats
34 creatures vanquished.

Notes
Turn   | Place    | Note
-------+----------+-------------------------------------------
     0 | D:1      | 123456 the Gargoyle Earth Elementalist began the quest for
                  | the Orb.
     0 | D:1      | Reached XP level 1. HP: 10/10 MP: 3/3
    75 | D:1      | Reached XP level 2. HP: 9/15 MP: 1/5
   476 | D:1      | Reached skill level 4 in Earth Magic
   992 | D:1      | Reached XP level 3. HP: 19/19 MP: 4/6
   996 | D:1      | Learned a level 3 spell: Stone Arrow
  1000 | D:1      | Learned a level 2 spell: Passwall
  1543 | D:2      | Noticed Terence
  1548 | D:2      | Slain by Terence

Illustrated notes

Levels and vault maps discovered:
D:1:      erik_arrival_cave_to_civilisation [erik_arrival_cave_to_hall],
          layout_rooms, serial_co_window_serial, co_window_corner_a,
          co_window_corner_a, co_window_cross_1, co_window_corner_a,
          co_window_corner_a, co_window_corner_a, co_window_paths_a,
          co_window_broadway_a, co_window_corner_ca, co_window_broadway_c,
          co_window_broadway_a, glass_columns_a, glass_columns_a
D:2:      layout_rooms, uniq_terence

Skill      XL: |  1  2  3 |
---------------+----------+-----
Earth Magic    | 4 |  4.3
Dodging        | 2 |  2.0
Stealth        | |  2.7
Spellcasting   | |  2.7
Transmutations | |  0.7

Action                     || total
---------------------------++-------
  Melee: Short sword       ||     4
         Punch             ||     1
         Dagger            ||     2
   Cast: Sandblast         ||    40
         Stone Arrow       ||     2
    Use: Potion            ||     1
 Armour: Robe              ||     2
         Leather armour    ||    13
  Dodge: Dodged            ||    11

Table legend: (Time is in decaauts)
 A = Elapsed time spent in this place.
 B = Non-inter-level travel time spent in this place.
 C = Inter-level travel time spent in this place.
 D = Time resting spent in this place.
 E = Time spent auto-exploring this place.
 F = Levels seen in this place.
 G = Mean time per level.
                   A        B        C        D        E       F      G
               +--------+--------+--------+--------+--------+-----+--------+
         Total |   1566 |   1527 |     39 |     17 |   1284 |   2 |  783.0 |
       Dungeon |   1566 |   1527 |     39 |     17 |   1284 |   2 |  783.0 |
               +--------+--------+--------+--------+--------+-----+--------+

Top non-repeatable levels by time:
     D:1: 1276 daAuts
     D:2: 290 daAuts
